 Dungeon Crawl Stone Soup version 0.31-a0-40-g1d5085d191 (webtiles) character file.

Game seed: 2625941177664107888

35 vineage the Trooper (level 3, -4/23 HPs)
             Began as a Gargoyle Fighter on May 17, 2023.
             Killed by divine providence
             ... invoked by an orc priest
              (15 damage)
             ... on level 2 of the Dungeon.
             The game lasted 00:01:49 (1250 turns).

vineage the Trooper (Gargoyle Fighter)              Turns: 1250, Time: 00:01:50

Health: -4/23      AC: 23    Str: 18    XL:     3   Next: 33%
Magic:  3/3        EV:  1    Int:  7    God:
Gold:   21         SH:  4    Dex: 12    Spells: 2/2 levels left

rFire   . . .        a - +0 trident
rCold   . . .        c - +0 buckler
rNeg    + + .        l - +0 crystal plate armour
rPois   ∞            (no helmet)
rElec   +            n - +2 ratskin cloak {*Rats rPois rN+ Str-1 Int-1 Dex+1}
rCorr   .            o - +0 pair of gloves
SInv    .            (no boots)
Will    .....        i - amulet of magic regeneration Stlth
                     (no ring)
HPRegen 0.23/turn    (no ring)
MPRegen 0.48/turn

%: no passive effects
@: no status effects
A: sickness immunity, AC +3, negative energy resistance 1, electricity
resistance, torment resistance 1, petrification resistance
a: no special abilities


You were on level 2 of the Dungeon.
You visited 1 branch of the dungeon, and saw 2 of its levels.

You collected 21 gold pieces.

Inventory:

Hand Weapons
 a - a +0 trident (weapon)
Armour
 b - a +0 scale mail
 c - a +0 buckler (worn)
 l - a +0 crystal plate armour (worn)
 n - the +2 ratskin cloak (worn) {*Rats rPois rN+ Str-1 Int-1 Dex+1}
   (You found it on level 2 of the Dungeon)

   *Rats:     When the wearer is hurt, rats may emerge from it to assist them.
   Str:       It affects your strength (-1).
   Int:       It affects your intelligence (-1).
   Dex:       It affects your dexterity (+1).
   rPois:     It protects you from poison.
   rN:        It protects you from negative energy.
 o - a +0 pair of gloves (worn)
Jewellery
 i - an amulet of magic regeneration (around neck)
Scrolls
 e - a scroll of identify {unknown}
 f - a scroll of blinking {unknown}
 k - a scroll of fog {unknown}
 m - 2 scrolls of teleportation {unknown}
Potions
 d - 2 potions of might
 g - 2 potions of brilliance {unknown}
 h - 2 potions of lignification {unknown}
 j - a potion of mutation {unknown}


   Skills:
 + Level 3.6 Fighting
 * Level 2.5 Polearms
 + Level 3.6 Armour
 + Level 3.6 Shields


You had 2 spell levels left.
You didn't know any spells.
Your spell library contained the following spells:

 Spells                   Type           Power      Damage    Failure   Level
 Summon Guardian Golem    Hex/Summ       0%         N/A       100%        3
 Orb of Destruction       Conj           0%         9d5       100%        7
 Spellforged Servitor     Conj/Summ      0%         N/A       100%        7


Dungeon Overview and Level Annotations

Branches:
Dungeon (2/15)

Altars:
Gozag


Innate Abilities, Weirdness & Mutations

You are immune to sickness and miasma.
Your stone body is resilient. (AC +3)
You are immune to poison.
You resist negative energy. (rN+)
You are resistant to electric shocks. (rElec)
You are resistant to unholy torment.
You are immune to petrification.


Message History

Found an opulent altar of Gozag.
The frilled lizard hisses angrily.
An orc wizard comes into view. It is wielding a +0 dagger.
The orc wizard shouts!
You hit the orc but do no damage. The orc hits you but does no damage.
The orc wizard mumbles some strange words.
The orc wizard flickers and vanishes!
Deactivating autopickup; reactivate with Ctrl-A.
You barely miss the orc. The orc hits you but does no damage.
The orc priest looks braver for a moment.
You hit the orc.
The orc is moderately wounded.
The orc completely misses you.
The orc priest looks encouraged for a moment.
The orc priest calls upon Beogh to heal the orc.
You barely miss the orc.
The orc is moderately wounded.
The orc hits you but does no damage. x2
The orc priest mumbles some strange prayers to Beogh against you.
Beogh smites you!
Ouch! That really hurt!
A hell rat scurries out from under your cloak.
Something hits you but does no damage.
You swap places.
Something hits your hell rat but does no damage.
The orc hits your hell rat but does no damage.
The orc priest looks encouraged for a moment.
Your hell rat bites the orc.
The orc dies!
Your hell rat barely misses something.
Something hits your hell rat but does no damage.
Something completely misses your hell rat.
There are monsters nearby!
There are monsters nearby!
There are monsters nearby!
There are monsters nearby!
The orc priest mumbles some strange prayers to Beogh against you.
Beogh smites you!
Ouch! That really hurt!
You die...

.......# .......# ##
......# ####. .....#
.....## #...#####
......## #)oo.....
.......# ####.#
.......# #######.r..#
.......####..<..@.####
............#######
........#####
......### .......#
.......# .......#
.......# .......#


You could see 2 orc priests and a friendly hell rat.

Vanquished Creatures
  A gnoll (D:1)
  5 ball pythons
  An endoplasm (D:1)
  A giant cockroach (D:2)
  3 hobgoblins
  2 bats (D:1)
  A frilled lizard (D:1)
  A goblin (D:1)
  3 kobolds (D:1)
  5 rats (D:1)
23 creatures vanquished.

Vanquished Creatures (collateral kills)
  An orc (D:2)
1 creature vanquished.

Grand Total: 24 creatures vanquished

Notes
Turn   | Place    | Note
-------+----------+-------------------------------------------
     0 | D:1      | vineage the Gargoyle Fighter began the quest for the Orb.
     0 | D:1      | Reached XP level 1. HP: 14/14 MP: 1/1
   199 | D:1      | Reached XP level 2. HP: 19/19 MP: 2/2
   937 | D:1      | Reached XP level 3. HP: 23/23 MP: 3/3
  1103 | D:2      | Found the +2 ratskin cloak {*Rats rPois rN+ Str-1 Int-1
                  | Dex+1}
  1242 | D:2      | Found an opulent altar of Gozag.
  1250 | D:2      | Killed from afar by an orc priest

Illustrated notes

Levels and vault maps discovered:
D:1:      minmay_arrival_plants_in_alcoves, layout_basic, minmay_tromino_i4
D:2:      layout_rooms, basic_altar, shapermc_ecumenical_altar_acropolis,
          hangedman_abyss_or_decor_lesser_grid

Skill      XL: |  1 |
---------------+----+-----
Polearms       | 2 |  2.5
Fighting       | |  3.6
Armour         | |  3.6
Shields        | |  3.6

Action                     || total
---------------------------++-------
  Melee: Trident           ||    78
 Armour: Scale mail        ||    21
         Crystal plate arm ||    24
  Dodge: Dodged            ||    21
  Block: Buckler           ||    13

Table legend: (Time is in decaauts)
 A = Elapsed time spent in this place.
 B = Non-inter-level travel time spent in this place.
 C = Inter-level travel time spent in this place.
 D = Time resting spent in this place.
 E = Time spent auto-exploring this place.
 F = Levels seen in this place.
 G = Mean time per level.
                   A        B        C        D        E       F      G
               +--------+--------+--------+--------+--------+-----+--------+
         Total |   1266 |   1068 |    198 |      0 |    883 |   2 |  633.0 |
       Dungeon |   1266 |   1068 |    198 |      0 |    883 |   2 |  633.0 |
               +--------+--------+--------+--------+--------+-----+--------+

Top non-repeatable levels by time:
     D:1: 1106 daAuts
     D:2: 160 daAuts
